 Dungeon Crawl Stone Soup version 0.19.1 (webtiles) character file.

7211 HelpMeObiWan the Fighter (level 10, -10/150 HPs)
             Began as a Minotaur Berserker on Dec 11, 2016.
             Was an Elder of Trog.
             Mangled by a seven-headed hydra (11 damage)
             ... on level 2 of the Lair of Beasts.
             The game lasted 00:12:13 (8100 turns).

HelpMeObiWan the Fighter (Minotaur Berserker)       Turns: 8100, Time: 00:12:13

Health: -10/150    AC:  8    Str: 28    XL:     10   Next: 87%
Magic:  0/9        EV: 20    Int:  4    God:    Trog [****..]
Gold:   605        SH:  0    Dex: 12    Spells: 0 memorised, 9 levels left

rFire  . . .     SeeInvis .     Q - +2 double sword (freeze)
rCold  + . .     Gourm    .     t - +0 ring mail {rC+}
rNeg   . . .     Faith    .     (no shield)
rPois  .         Spirit   +     (helmet restricted)
rElec  .         Reflect  .     (no cloak)
rCorr  .         Harm     .     h - +0 pair of gloves
MR     .....                    (no boots)
Stlth  ..........               B - amulet of guardian spirit
                                G - +5 ring of evasion
                                v - ring of flight

@: berserking, lethally poisoned (-10 -> -25), very quick
A: retaliatory headbutt, horns 2
a: Berserk, Trog's Hand, Brothers in Arms, Burn Spellbooks, Renounce Religion,
Evoke Flight


You were on level 2 of the Lair of Beasts.
You worshipped Trog.
Trog was greatly pleased with you.
You were hungry.

You visited 2 branches of the dungeon, and saw 11 of its levels.

You collected 605 gold pieces.

Inventory:

Hand Weapons
 Q - a +2 double sword of freezing (weapon)
Missiles
 y - 2 throwing nets (quivered)
Armour
 h - a +0 pair of gloves (worn)
 t - a +0 ring mail of cold resistance (worn)
Jewellery
 v - a ring of flight (left hand)
 B - an amulet of guardian spirit (around neck)
 D - a +2 ring of dexterity
 G - a +5 ring of evasion (right hand)
 O - an uncursed ring of protection from fire {unknown}
Wands
 a - a wand of disintegration (12/24)
 E - a wand of slowing (14/48)
 J - a wand of lightning (10/15)
Scrolls
 d - 2 scrolls of enchant armour {unknown}
 e - 4 scrolls of random uselessness {unknown}
 g - 4 scrolls of remove curse {unknown}
 j - 10 scrolls of identify {unknown}
 l - 2 scrolls of noise {unknown}
 m - 2 scrolls of amnesia {unknown}
 p - a scroll of blinking {unknown}
 q - a scroll of magic mapping {unknown}
 u - a scroll of teleportation {unknown}
 w - 2 scrolls of recharging {unknown}
 K - a scroll of fog {unknown}
 M - a scroll of vulnerability {unknown}
 N - a scroll of holy word {unknown}
Potions
 f - a potion of flight {unknown}
 i - a potion of curing
 k - 4 potions of brilliance {unknown}
 n - a potion of might {unknown}
 o - 2 potions of lignification {unknown}
 r - 3 potions of heal wounds {unknown}
 s - 3 potions of cancellation {unknown}
 C - 2 potions of degeneration {unknown}
 F - a potion of ambrosia {unknown}
 I - 2 potions of magic {unknown}
Comestibles
 b - 5 meat rations
 c - 7 bread rations
 x - a royal jelly
 z - 10 fruits
 A - 3 slices of pizza
 H - a beef jerky
 L - 6 chunks of flesh


   Skills:
 + Level 12.8 Fighting
 - Level 10.0 Long Blades
 + Level 10.3 Armour
 + Level 7.0 Dodging


You had 9 spell levels left.
You didn't know any spells.

Dungeon Overview and Level Annotations

Branches:
Dungeon (9/15)             Temple (0/1) D:5            Lair (2/6) D:9
  Swamp: Lair:2-4    Shoals: Lair:2-4     Snake: Lair:2-4    Spider: Lair:2-4
    Orc: D:9-12

Altars:
Cheibriados
Hepliaklqana
Kikubaaqudgha
Makhleb
Nemelex Xobeh
Okawaru
Qazlal
Ru
Sif Muna
Trog
Uskayaw
Xom
Yredelemnul
The Shining One

Shops:
D:4 %


Innate Abilities, Weirdness & Mutations

You reflexively headbutt those who attack you in melee.
You have a pair of horns on your head.


Message History

You feel sick. The six-headed hydra barely misses you.
The six-headed hydra completely misses you.
The six-headed hydra bites you!
* * * LOW HITPOINT WARNING * * *
The six-headed hydra bites you.
* * * LOW HITPOINT WARNING * * *
The six-headed hydra bites you!
* * * LOW HITPOINT WARNING * * *
The six-headed hydra barely misses you.
You are too berserk!
You slice one of the six-headed hydra's heads off!
The five-headed hydra grows two more!
You slash the seven-headed hydra! You freeze the seven-headed hydra.
The seven-headed hydra is heavily wounded.
* * * LOW HITPOINT WARNING * * *
You feel sick.
The spiny frog stings the fungus.
The seven-headed hydra bites you!
* * * LOW HITPOINT WARNING * * *
The seven-headed hydra bites you!
You die...

#################### #
...#..##.##.##P.##P########P#
................@DF..).......
P##P##.......P#.##F..........
######.....P######...........
#.....## #........... #.....#
#........... ###.....#
#............ ###.P........
........#......
..........##.###P..#####.....
...P....... ## ###.. .....


You could see a seven-headed hydra and 2 spiny frogs.

Vanquished Creatures
  2 spiny frogs (Lair:1)
  Prince Ribbit (D:5)
  A hippogriff (Lair:1)
  Grinder (D:4)
  Sigmund (D:5)
  A wyvern (D:8)
  7 yaks
  A hungry ghost (D:9)
  Edmund (D:4)
  A porcupine (Lair:1)
  Duvessa (D:5)
  3 water moccasins
  2 sky beasts (D:7)
  2 orc warriors (D:9)
  7 ogres
  The ghost of pichaelthompson the Cudgeler, an amateur DsGl of Fedhas (D:3)
  4 centaurs (D:6)
  5 crocodiles
  A big kobold (D:9)
  5 bullfrogs
  Dowan (D:5)
  4 scorpions
  4 wights (D:8)
  4 howler monkeys
  A bullfrog zombie (D:5)
  3 crimson imps
  A centaur zombie (D:8)
  Crazy Yiuf (D:5)
  5 hounds
  6 orc priests
  A gnoll shaman (D:6)
  2 jellies (D:5)
  An iguana (D:5)
  7 orc wizards
  6 worker ants
  2 hound skeletons (D:7)
  A howler monkey zombie (D:7)
  5 gnolls
  2 howler monkey skeletons
  6 adders
  3 shadow imps
  An ooze (D:5)
  2 adder skeletons (D:5)
  A worm (D:2)
  2 dart slugs
  3 leopard geckos
  54 orcs
  5 giant cockroaches
  2 gnoll zombies (D:4)
  6 goblins
  8 hobgoblins
  11 jackals
  3 quokkas
  A ball python (D:2)
  9 bats
  8 frilled lizards
  15 kobolds
  A quokka zombie (D:7)
  3 rats
249 creatures vanquished.

Notes
Turn   | Place    | Note
-------+----------+-------------------------------------------
     0 | D:1      | HelpMeObiWan the Minotaur Berserker began the quest for the Orb.
     0 | D:1      | Reached XP level 1. HP: 19/19 MP: 0/0
    53 | D:1      | Reached skill level 4 in Fighting
   186 | D:1      | Reached XP level 2. HP: 26/27 MP: 1/1
   581 | D:1      | Reached XP level 3. HP: 34/34 MP: 2/2
   817 | D:2      | Reached ** piety under Trog
   916 | D:2      | Reached skill level 5 in Fighting
  1040 | D:2      | Reached XP level 4. HP: 35/42 MP: 3/3
  1041 | D:2      | Found an iron altar of Okawaru.
  1165 | D:2      | Found a bloodstained altar of Trog.
  1420 | D:3      | Found a shimmering altar of Xom.
  1422 | D:3      | Found a snail-covered altar of Cheibriados.
  1422 | D:3      | Found an ancient bone altar of Kikubaaqudgha.
  1424 | D:3      | Found a deep blue altar of Sif Muna.
  1424 | D:3      | Found a deep blue altar of Sif Muna.
  1424 | D:3      | Found a hide-covered altar of Uskayaw.
  1460 | D:3      | Noticed pichaelthompson's ghost (amateur DsGl)
  1464 | D:3      | Reached skill level 5 in Long Blades
  1477 | D:3      | Killed pichaelthompson's ghost
  1477 | D:3      | Reached XP level 5. HP: 50/50 MP: 4/4
  1524 | D:3      | Found an ancient bone altar of Kikubaaqudgha.
  1784 | D:4      | Found Emid's Food Emporium.
  1818 | D:4      | Reached skill level 6 in Fighting
  1818 | D:4      | Reached XP level 6. HP: 42/57 MP: 5/5
  2066 | D:4      | Noticed Grinder
  2089 | D:4      | Killed Grinder
  2089 | D:4      | Reached XP level 7. HP: 43/64 MP: 6/6
  2186 | D:4      | Reached skill level 7 in Fighting
  2244 | D:4      | Found a basalt altar of Yredelemnul.
  2282 | D:4      | Noticed an air elemental
  2283 | D:4      | Found a stormy altar of Qazlal.
  2299 | D:4      | Found a glowing golden altar of the Shining One.
  2299 | D:4      | Found a hazy altar of Hepliaklqana.
  2373 | D:4      | Noticed a water elemental
  2375 | D:4      | Noticed a fire elemental
  2537 | D:4      | Noticed Edmund
  2551 | D:4      | Killed Edmund
  2691 | D:5      | Entered Level 5 of the Dungeon
  2835 | D:5      | Noticed Dowan
  2839 | D:5      | Noticed Duvessa
  2843 | D:5      | Killed Duvessa
  2846 | D:5      | Killed Dowan
  2846 | D:5      | Reached XP level 8. HP: 74/74 MP: 7/7
  2912 | D:5      | Reached skill level 10 in Long Blades
  2967 | D:5      | Found a staircase to the Ecumenical Temple.
  3077 | D:5      | Reached skill level 8 in Fighting
  3144 | D:5      | Noticed Prince Ribbit
  3161 | D:5      | Killed Prince Ribbit
  3321 | D:5      | Noticed Sigmund
  3335 | D:5      | Killed Sigmund
  3336 | D:5      | Reached skill level 9 in Fighting
  3336 | D:5      | Reached skill level 5 in Armour
  3607 | D:5      | Found a runed door.
  3830 | D:5      | Noticed Crazy Yiuf
  3835 | D:5      | Killed Crazy Yiuf
  3965 | D:6      | Reached XP level 9. HP: 81/83 MP: 8/8
  4583 | D:6      | Reached *** piety under Trog
  4926 | D:6      | Reached skill level 10 in Fighting
  5643 | D:8      | Found a sacrificial altar of Ru.
  5643 | D:8      | Found a sparkling altar of Nemelex Xobeh.
  5672 | D:8      | Reached **** piety under Trog
  5789 | D:8      | Reached skill level 11 in Fighting
  5801 | D:8      | Reached skill level 5 in Dodging
  6208 | D:8      | Found a burning altar of Makhleb.
  6211 | D:8      | Reached XP level 10. HP: 88/95 MP: 9/9
  6305 | D:9      | Found a staircase to the Lair.
  7185 | Lair:1   | Entered Level 1 of the Lair of Beasts
  7198 | Lair:1   | Noticed a spiny frog
  7205 | Lair:1   | Killed a spiny frog
  7205 | Lair:1   | Reached skill level 12 in Fighting
  7489 | Lair:1   | Noticed a spiny frog
  7495 | Lair:1   | Killed a spiny frog
  7495 | Lair:1   | Reached skill level 10 in Armour
  8087 | Lair:2   | Noticed a four-headed hydra
  8089 | Lair:2   | Noticed a spiny frog
  8091 | Lair:2   | Noticed a spiny frog
  8100 | Lair:2   | HP: 1/150 [seven-headed hydra (9)]
  8100 | Lair:2   | Mangled by a seven-headed hydra

Skill      XL: |  1  2  3  4  5  6  7  8  9 10 |
---------------+-------------------------------+-----
Fighting       | 4 5 6 7 9 11 12 | 12.8
Long Blades    | 4 5 6 7 9 10 | 10.0
Armour         | 5 8 10 | 10.3
Dodging        | 3 5 7 |  7.0

Action                   |  1- 3 |  4- 6 |  7- 9 | 10-12 || total
-------------------------+-------+-------+-------+-------++-------
Melee: Falchion          |    64 |    76 |   297 |       ||   437
       Headbutt          |    12 |    22 |    77 |    37 ||   148
       Scimitar          |       |       |     2 |   133 ||   135
       Double sword      |       |       |       |    21 ||    21
Invok: Berserk           |     2 |     2 |     7 |     1 ||    12
       Trog's Hand       |       |     2 |     6 |     3 ||    11
  Use: Potion            |       |       |     1 |     1 ||     2
  Eat: Chunk             |     2 |     5 |    22 |     9 ||    38
       Beef jerky        |       |       |     1 |       ||     1
Armor: Animal skin       |     8 |       |       |       ||     8
       Ring mail         |    17 |    17 |    70 |    35 ||   139
Dodge: Dodged            |    50 |    41 |   178 |   105 ||   374
       Rpst.: Falchion   |    13 |    11 |    42 |       ||    66
       Scimitar          |       |       |     1 |    20 ||    21
       Double sword      |       |       |       |     5 ||     5
